 Dungeon Crawl Stone Soup version 0.27.1 (webtiles) character file.

Game seed: 7501659551978660521

9 r3algoood the Insei (level 1, -3/15 HPs)
             Began as a Demigod Transmuter on Aug 31, 2021.
             Slain by a gnoll (4 damage)
             ... on level 1 of the Dungeon.
             The game lasted 00:01:01 (498 turns).

r3algoood the Insei (Demigod Transmuter)             Turns: 498, Time: 00:01:01

Health: -3/15      AC:  2    Str: 11    XL:     1   Next: 93%
Magic:  5/5        EV: 12    Int: 15    God:
Gold:   0          SH:  0    Dex: 14    Spells: 2/3 levels left

rFire    . . .     SeeInvis .     - Unarmed
rCold    . . .     Faith    .   (no shield)
rNeg     . . .     Spirit   .   a - +0 robe
rPois    .         Reflect  .   (no helmet)
rElec    .         Harm     .   (no cloak)
rCorr    .         Rampage  .   (no gloves)
Will     .....                  (no boots)
Stlth    +.........             (no amulet)
HPRegen  0.05/turn              (no ring)
MPRegen  0.09/turn              (no ring)

@: no status effects
A: high mp 1, forlorn
a: no special abilities


You were on level 1 of the Dungeon.
You visited 1 branch of the dungeon, and saw 1 of its levels.

Inventory:

Armour
 a - a +0 robe (worn)
Potions
 b - a potion of mutation {unknown}


   Skills:
 + Level 0.8 Fighting
 + Level 1.9 Dodging
 + Level 3.0 Unarmed Combat
 + Level 1.8 Spellcasting
 + Level 1.9 Transmutations


You had 2 spell levels left.
You knew the following spells:

 Your Spells              Type           Power      Damage    Failure   Level
a - Beastly Appendage     Tmut           14%        N/A       11%         1

Your spell library contained the following spells:

 Spells                   Type           Power      Damage    Failure   Level
 Wereblood                Tmut           7%         N/A       16%         2
 Spider Form              Tmut/Pois      2%         N/A       41%         3
 Ice Form                 Ice/Tmut       4%         N/A       83%         4


Dungeon Overview and Level Annotations

Branches:
Dungeon (1/15)


Innate Abilities, Weirdness & Mutations

Your attributes grow dramatically as you level up.
You have an increased reservoir of magic. (+10% MP)
You shall have no god before yourself.


Message History

You are frozen.
* * * LOW HITPOINT WARNING * * *
You hit the endoplasm.
You kill the endoplasm!
You hit the goblin.
You kill the goblin!
Things that are here:
a +0 club; a goblin corpse; a bat corpse A rat comes into view.
The rat closely misses you.
You hit the rat.
You kill the rat!
You see here a rat corpse.
HP restored.
You see here a rat corpse.
b - an emerald potion A giant cockroach and a gnoll come into view.
The gnoll shouts!
You hit the giant cockroach but do no damage.
The giant cockroach bites you.
You closely miss the giant cockroach.
The giant cockroach bites you but does no damage.
The gnoll hits you with a +0 whip.
You hit the giant cockroach.
The giant cockroach is severely wounded.
The giant cockroach barely misses you. The gnoll barely misses you.
The giant cockroach barely misses you.
You hit the giant cockroach. Your punch misses the giant cockroach.
The giant cockroach is almost dead.
The giant cockroach barely misses you. The gnoll hits you with a +0 whip.
* * * LOW HITPOINT WARNING * * *
You barely miss the giant cockroach.
The giant cockroach is almost dead.
The giant cockroach bites you.
* * * LOW HITPOINT WARNING * * *
The gnoll barely misses you.
You barely miss the giant cockroach.
The giant cockroach is almost dead.
The giant cockroach misses you. The gnoll hits you with a +0 whip.
You die...

....÷. #.##..# ..÷... #...#
#.##..# ..... #...#
#.##..### .8.8.## ####...#
#.##....# #####.# ......#
#.##.#### ....†.# #....#
#.##.# ####### #....# #.##.#
.############..gB###.##.#
................@....##.###
.###....#####.#...........##
.# #....# #............# .#
#... ##.######.#.## .###.##
#.# #.#.# ......# #.##.#
#.#.# #.....# #.##.# #.#.#
......### #.##.# #.#.#
..#.....# #.##.# #.#.#


You could see a gnoll and a giant cockroach.

Vanquished Creatures
  3 bats (D:1)
  An endoplasm (D:1)
  A goblin (D:1)
  A ball python (D:1)
  A frilled lizard (D:1)
  3 rats (D:1)
10 creatures vanquished.

Notes
Turn   | Place    | Note
-------+----------+-------------------------------------------
     0 | D:1      | r3algoood the Demigod Transmuter began the quest for the
                  | Orb.
     0 | D:1      | Reached XP level 1. HP: 15/15 MP: 5/5
   197 | D:1      | Reached skill level 3 in Unarmed Combat
   498 | D:1      | Slain by a gnoll

Illustrated notes

Levels and vault maps discovered:
D:1:      dpeg_arrival_round_c, layout_basic, shapermc_ecumenical_altar_pompeii,
          serial_shops, shop, minmay_splitting_lines

Skill      XL: |  1 |
---------------+----+-----
Unarmed Combat | 3 |  3.0
Fighting       | |  0.8
Dodging        | |  1.9
Spellcasting   | |  1.8
Transmutations | |  1.9

Action                   || total
-------------------------++-------
Melee: Unarmed           ||    35
Armor: Robe              ||    20
Dodge: Dodged            ||    64
